 Dungeon Crawl Stone Soup version 0.27.1-2-g3b301248ec (webtiles) character file.

Game seed: 17087738288072683237

308 barney the Changer (level 6, -1/47 HPs)
             Began as a Draconian Transmuter on Oct 4, 2021.
             Succumbed to a goblin's poison
             ... on level 4 of the Dungeon.
             The game lasted 00:04:46 (5552 turns).

barney the Changer (Draconian Transmuter)           Turns: 5552, Time: 00:04:47

Health: -1/47      AC: 10    Str: 12    XL:     6   Next: 17%
Magic:  9/9        EV: 12    Int: 16    God:
Gold:   114        SH:  0    Dex: 11    Spells: 3/9 levels left

rFire    . . .     SeeInvis .   l - +3 quarterstaff (chaos)
rCold    . . .     Faith    .   (shield currently unavailable)
rNeg     . . .     Spirit   .   (armour unavailable)
rPois    .         Reflect  .   (helmet currently unavailable)
rElec    .         Harm     .   m - +0 cloak
rCorr    .         Rampage  .   g - +2 pair of gloves
Will     .....                  (boots currently unavailable)
Stlth    +.........             (no amulet)
HPRegen  0.15/turn              p - ring of flight
MPRegen  0.11/turn              (no ring)

@: lethally poisoned (-1 -> -8), appendages (expiring), attractive, flying
A: horns 2, talons 2, AC +6, unfitting armour, cold-blooded
a: End Transformation


You were on level 4 of the Dungeon.
You had temporarily grown beastly horns and talons.
You visited 1 branch of the dungeon, and saw 4 of its levels.

You collected 114 gold pieces.

Inventory:

Hand Weapons
 c - a +2 vorpal mace
 j - a +0 whip of electrocution
 l - a +3 quarterstaff of chaos (weapon)
Armour
 g - a +2 pair of gloves (worn)
 m - a +0 cloak (worn)
Magical Staves
 f - a staff of poison
Jewellery
 p - a ring of flight (left hand)
Wands
 k - a wand of polymorph (10)
Scrolls
 a - a scroll of teleportation {unknown}
 d - a scroll of identify {unknown}
 e - a scroll of enchant armour {unknown}
 h - 3 scrolls of vulnerability {unknown}
Potions
 i - 2 potions of flight
 n - a potion of curing
 o - a potion of invisibility {unknown}


   Skills:
 - Level 1.1 Fighting
 - Level 1.7 Dodging
 - Level 3.0 Unarmed Combat
 - Level 2.0 Spellcasting
 + Level 6.6 Transmutations


You had 3 spell levels left.
You knew the following spells:

 Your Spells              Type           Power      Damage    Failure   Level
a - Beastly Appendage     Tmut           44%        N/A       1%          1
b - Spider Form           Tmut/Pois      6%         N/A       16%         3
c - Wereblood             Tmut           22%        N/A       1%          2

Your spell library contained the following spells:

 Spells                   Type           Power      Damage    Failure   Level
 Ice Form                 Ice/Tmut       12%        N/A       47%         4


Dungeon Overview and Level Annotations

Branches:
Dungeon (4/15)
 Temple: D:4-7

Altars:
Gozag
Trog
Zin

Portals:
Ossuary: D:4

Annotations:
D:4 Robin


Innate Abilities, Weirdness & Mutations

You have temporarily grown beastly horns and talons.
Your plain brown scales are hard. (AC +6)
You cannot fit into any form of body armour.
You are cold-blooded and may be slowed by cold attacks.


Message History

The water moccasin skeleton barely misses you.
The bullfrog closely misses you. The goblin hits you but does no damage.
You are more poisoned.
The goblin hits you but does no damage. x2
A hobgoblin comes into view.
Robin roars a battlecry!
The goblins go into a battle-frenzy!
You hear a shout! x2
It was a potion of attraction.
You feel attractive to monsters.
You feel very sick.
The bullfrog hits you but does no damage.
The goblin hits you with a +2 dagger of venom.
The goblin barely misses you. The goblin hits you but does no damage.
The bullfrog hits you.
You hit the goblin. You freeze the goblin.
You kill the goblin!
* * * LOW HITPOINT WARNING * * *
You feel very sick. The bullfrog closely misses you.
The goblin hits you but does no damage. The goblin closely misses you.
The bullfrog closely misses you.
You thump the goblin!
You kill the goblin!
* * * LOW HITPOINT WARNING * * *
You feel very sick. The bullfrog hits you.
* * * LOW HITPOINT WARNING * * *
The goblin hits you with a +0 dagger.
* * * LOW HITPOINT WARNING * * *
The goblin hits you with a +0 dagger.
* * * LOW HITPOINT WARNING * * *
The goblin barely misses you. The bullfrog closely misses you.
The goblin hits you with a +0 club.
* * * LOW HITPOINT WARNING * * *
The goblin hits you but does no damage.
Unknown command.
You miss the goblin. Your kick misses the goblin.
Your headbutt misses the goblin.
Your transformation is almost over.
You die...

#......#
......#
......###.
#..∩.....
#......#
#.....#
#Fg.# #@g.#
#gg.# #gg.#
.Z....
........
...........
####...#####
#...#


You could see a bullfrog, Robin, a hobgoblin (strong), 4 goblins and a water
moccasin skeleton.

Vanquished Creatures
  A bullfrog (D:3)
  Crazy Yiuf (D:2)
  Natasha (thrice) (D:2)
  4 gnolls (D:3)
  4 adders
  A dart slug (D:1)
  3 orcs (D:3)
  4 ball pythons
  6 endoplasms
  3 giant cockroaches
  7 goblins
  9 hobgoblins
  7 jackals
  4 kobolds
  A quokka (D:1)
  3 bats
  2 frilled lizards (D:1)
  2 rats
65 creatures vanquished.

Notes
Turn   | Place    | Note
-------+----------+-------------------------------------------
     0 | D:1      | barney the Draconian Transmuter began the quest for the
                  | Orb.
     0 | D:1      | Reached XP level 1. HP: 16/16 MP: 3/3
   228 | D:1      | Reached XP level 2. HP: 23/23 MP: 3/5
   290 | D:1      | Reached skill level 3 in Transmutations
  1178 | D:1      | Reached XP level 3. HP: 28/28 MP: 6/6
  1182 | D:1      | Learned a level 3 spell: Spider Form
  1185 | D:1      | Learned a level 2 spell: Wereblood
  2291 | D:2      | Reached skill level 4 in Transmutations
  2307 | D:2      | Noticed Natasha
  2314 | D:2      | Killed Natasha
  2315 | D:2      | Reached XP level 4. HP: 24/35 MP: 5/7
  2640 | D:2      | Noticed Natasha
  2653 | D:2      | Killed Natasha
  2788 | D:2      | Noticed Natasha
  2802 | D:2      | Killed Natasha
  2803 | D:2      | Reached skill level 5 in Transmutations
  3095 | D:2      | Found a runed translucent door.
  3096 | D:2      | Noticed Crazy Yiuf
  3274 | D:2      | Killed Crazy Yiuf
  3275 | D:2      | Reached XP level 5. HP: 14/40 MP: 1/8
  4084 | D:3      | Reached skill level 6 in Transmutations
  4293 | D:3      | Found a faded altar of an unknown god.
  4523 | D:3      | Found a glowing silver altar of Zin.
  4523 | D:3      | Found an opulent altar of Gozag.
  4524 | D:3      | Found a bloodstained altar of Trog.
  5174 | D:3      | Reached XP level 6. HP: 40/47 MP: 9/9
  5541 | D:4      | Found a sand-covered staircase.
  5547 | D:4      | Noticed Robin
  5551 | D:4      | HP: 2/47 [goblin[Robin] (3)]
  5552 | D:4      | Succumbed to a goblin's poison

Illustrated notes

Levels and vault maps discovered:
D:1:      psy_arrival_terrarium, layout_basic, minmay_cut_off
D:2:      layout_rooms, lemuel_flame_loot_1, uniq_crazy_yiuf_cottage,
          uniq_natasha
D:3:      layout_loops_ring, chequers_temple_overflow_statue_of_worship,
          ebering_ecumenical_altar_sacrificial, dk_noncrumbling_4,
          patterned_corridor
D:4:      layout_loops_cross, minmay_temple_entry_antechambers, enter_ossuary_1,
          minmay_stone_trees_small, st_stairs_3, chequers_garden,
          uniq_blork_the_orc, uniq_robin, uniq_duvessa

Skill      XL: |  1  2  3  4  5 |
---------------+----------------+-----
Transmutations | 3 4 5 6 |  6.6
Fighting       | |  1.1
Dodging        | |  1.7
Unarmed Combat | |  3.0
Spellcasting   | |  2.0

Action                   |  1- 3 |  4- 6 || total
-------------------------+-------+-------++-------
Melee: Unarmed           |    32 |    22 ||    54
       Kick              |    12 |     5 ||    17
       Tailslap          |    13 |     5 ||    18
       Dagger            |    89 |    25 ||   114
       Headbutt          |     8 |     6 ||    14
       Punch             |     1 |     2 ||     3
       Quarterstaff      |       |    31 ||    31
 Cast: Beastly Appendage |    17 |    11 ||    28
       Spider Form       |       |     3 ||     3
       Wereblood         |       |     1 ||     1
  Use: Potion            |       |     4 ||     4
 Stab: Sleeping          |     2 |     1 ||     3
       Paralysed         |       |     1 ||     1
Armor: Skin              |    41 |    31 ||    72
Dodge: Dodged            |    73 |    49 ||   122
